 Dungeon Crawl Stone Soup version 0.29-a0-341-g24ffce5 (webtiles) character file.

Game seed: 4675017717251762578

551 Think the Cutter (level 7, -7/46 HPs)
             Began as an Octopode Fighter on Apr 19, 2022.
             Was a Follower of Okawaru.
             Mangled by a gnoll
             ... wielding a +0 halberd
              (16 damage)
             ... on level 5 of the Dungeon.
             The game lasted 00:05:33 (3758 turns).

Think the Cutter (Octopode Fighter)                 Turns: 3758, Time: 00:05:34

Health: -7/46      AC:  1    Str: 15    XL:     7   Next: 29%
Magic:  7/7        EV: 13    Int: 16    God:    Okawaru [*.....]
Gold:   291        SH:  5    Dex: 14    Spells: 6/6 levels left

rFire   . . .      SeeInvis .   g - +3 short sword (speed)
rCold   . . .      Faith    .   b - +0 buckler
rNeg    + . .      Spirit   .   (helmet restricted)
rPois   .          Reflect  .   j - amulet of regeneration
rElec   .          Harm     .   m - +6 ring of intelligence
rCorr   .          Rampage  .   q - ring of positive energy
Will    .....                   (no ring)
Stlth   ++........              (no ring)
HPRegen 0.95/turn               (no ring)
MPRegen 0.10/turn               (no ring)
                                (no ring)
                                (no ring)

@: no status effects
A: almost no armour, amphibious, 8 rings, camouflage 1, gelatinous body 1,
(nimble swimmer 1), tentacles
a: Renounce Religion, Heroism


You were on level 5 of the Dungeon.
You worshipped Okawaru.
Okawaru was aware of your devotion.
You visited 1 branch of the dungeon, and saw 5 of its levels.

You collected 291 gold pieces.

Inventory:

Hand Weapons
 a - a +0 rapier
 g - a +3 short sword of speed (weapon)
Missiles
 o - a throwing net (quivered)
Armour
 b - a +0 buckler (worn)
Jewellery
 j - an amulet of regeneration (around mantle)
 m - a +6 ring of intelligence (left tentacle)
 q - a ring of positive energy (right tentacle)
 t - a ring of protection from cold
Wands
 p - a wand of flame (43)
 r - a wand of charming (9)
Scrolls
 e - 8 scrolls of teleportation {unknown}
 f - 4 scrolls of immolation {unknown}
 h - a scroll of blinking {unknown}
 i - a scroll of fog {unknown}
 l - 2 scrolls of identify {unknown}
 s - a scroll of enchant weapon {unknown}
 u - 2 scrolls of silence {unknown}
 w - a scroll of brand weapon {unknown}
 y - a scroll of acquirement {unknown}
Potions
 c - 2 potions of might
 d - a potion of mutation {unknown}
 n - 2 potions of flight {unknown}
 v - a potion of magic {unknown}
 x - a potion of attraction {unknown}


   Skills:
 - Level 3.0 Fighting
 + Level 7.8 Short Blades
 - Level 3.0 Dodging
 - Level 3.0 Shields


You had 6 spell levels left.
You didn't know any spells.
Your spell library contained the following spells:

 Spells                   Type           Power      Damage    Failure   Level
 Magic Dart               Conj           0%         1d3       32%         1
 Sting                    Tmut/Pois      0%         1d3       32%         1
 Poisonous Vapours        Pois/Air       0%         N/A       45%         2
 Searing Ray              Conj           0%         2d4       45%         2
 Fulminant Prism          Conj/Hex       0%         3d6       97%         4
 Olgreb's Toxic Radiance  Pois           0%         N/A       97%         4


Dungeon Overview and Level Annotations

Branches:
Dungeon (5/15)             Temple (0/1) D:5

Altars:
Ashenzari
Cheibriados
Dithmenos
Fedhas
Gozag
Nemelex Xobeh
Okawaru
Sif Muna
Uskayaw
Wu Jian
Yredelemnul

Shops:
D:3 [

Annotations:
D:3 2 transporters


Innate Abilities, Weirdness & Mutations

You cannot wear most types of armour.
You are amphibious.
You can wear up to eight rings at the same time.
Your skin changes colour to match your surroundings (Stealth+).
Your rubbery body absorbs attacks. (AC +1, EV +1)
((You are camouflaged when in or above water. (Stealth+)))
You have tentacles for arms and can constrict up to eight enemies at once.


Message History

You hit the gnoll sergeant.
The gnoll sergeant is heavily wounded.
You constrict the gnoll sergeant.
The gnoll sergeant completely misses you.
You hit the gnoll sergeant but do no damage.
You squeeze the gnoll sergeant.
The gnoll sergeant is severely wounded.
You constrict the gnoll sergeant.
You hit the gnoll sergeant but do no damage.
The gnoll sergeant is severely wounded.
You constrict the gnoll sergeant.
The gnoll hits you from afar with a +0 spear.
The gnoll hits you with a +0 whip! The gnoll sergeant closely misses you.
You hit the gnoll sergeant but do no damage.
You squeeze the gnoll sergeant.
You kill the gnoll sergeant!
Okawaru accepts your kill.
You can now gain great but temporary skills.
You miss the ufetubus. Your grab misses the ufetubus.
The gnoll hits you with a +0 whip.
The gnoll hits you from afar with a +0 spear.
You block the ufetubus's attack. The ufetubus hits you.
You are too injured to fight recklessly!
You are too injured to fight recklessly!
You are too injured to fight recklessly!
You are too injured to fight recklessly!
You are too injured to fight recklessly!
You are too injured to fight recklessly!
You are too injured to fight recklessly!
You are too injured to fight recklessly!
You are too injured to fight recklessly!
You are too injured to fight recklessly!
You are too injured to fight recklessly!
You are too injured to fight recklessly!
There is a stone staircase leading up here.
The ufetubus misses you. The ufetubus hits you.
The gnoll hits you from afar with a +0 spear.
* * * LOW HITPOINT WARNING * * *
The gnoll hits you from afar with a +0 halberd!
You die...

.###..###......#...##
..............########
#...........#.#
[.........>.#.#
............#.#
.....O......#.#
..............#
.....[..).....#
#..[..g5@)..$.#
......g.g.....#
......g..).......
...............[.
..............###
..........##.##
#.......... .#
........#### #


You could see an ogre, 4 gnolls and an ufetubus.

Vanquished Creatures
  Blork the orc (D:5)
  A gnoll sergeant (D:5)
  2 scorpions
  Crazy Yiuf (D:4)
  A hound (D:5)
  An iguana (D:4)
  Natasha (D:4)
  Ijyb (D:5)
  4 gnolls
  7 adders
  A worm (D:3)
  5 dart slugs
  2 orcs
  A bat (D:2)
  4 endoplasms
  5 goblins
  7 hobgoblins
  7 kobolds
  2 quokkas
  9 ball pythons
  5 frilled lizards
  5 rats
73 creatures vanquished.

Notes
Turn   | Place    | Note
-------+----------+-------------------------------------------
     0 | D:1      | Think the Octopode Fighter began the quest for the Orb.
     0 | D:1      | Reached XP level 1. HP: 16/16 MP: 1/1
   282 | D:1      | Reached XP level 2. HP: 21/21 MP: 2/2
   381 | D:1      | Reached skill level 3 in Short Blades
  1292 | D:2      | Reached XP level 3. HP: 24/26 MP: 3/3
  1447 | D:2      | Found a faded altar of an unknown god.
  1680 | D:2      | Reached skill level 4 in Short Blades
  1683 | D:2      | Reached XP level 4. HP: 27/31 MP: 4/4
  1957 | D:3      | Found a transporter.
  2005 | D:3      | Found a transporter.
  2173 | D:3      | Reached skill level 5 in Short Blades
  2213 | D:3      | Reached XP level 5. HP: 36/36 MP: 5/5
  2567 | D:3      | Found Cimeap's Antique Armour Emporium.
  2740 | D:4      | Found a shimmering blue altar of Sif Muna.
  2972 | D:4      | Found a runed translucent door.
  2973 | D:4      | Noticed Crazy Yiuf
  3020 | D:4      | Found a shadowy altar of Dithmenos.
  3136 | D:4      | Reached skill level 6 in Short Blades
  3136 | D:4      | Reached XP level 6. HP: 30/42 MP: 6/6
  3205 | D:4      | Noticed Natasha
  3213 | D:4      | Killed Natasha
  3272 | D:4      | Found a hide-covered altar of Uskayaw.
  3414 | D:4      | Found a broken altar of Ashenzari.
  3417 | D:4      | Found an iron altar of Okawaru.
  3418 | D:4      | Found an ornate altar of the Wu Jian Council.
  3418 | D:4      | Found a snail-covered altar of Cheibriados.
  3418 | D:4      | Found an opulent altar of Gozag.
  3420 | D:4      | Found a blossoming altar of Fedhas.
  3421 | D:4      | Found a sparkling altar of Nemelex Xobeh.
  3423 | D:4      | Found a basalt altar of Yredelemnul.
  3435 | D:4      | Became a worshipper of Warmaster Okawaru
  3506 | D:4      | Killed Crazy Yiuf
  3644 | D:5      | Entered Level 5 of the Dungeon
  3645 | D:5      | Found a staircase to the Ecumenical Temple.
  3653 | D:5      | Noticed Blork the orc
  3671 | D:5      | HP: 2/42 [adder (4)]
  3672 | D:5      | Killed Blork the orc
  3673 | D:5      | Reached skill level 7 in Short Blades
  3731 | D:5      | Noticed Ijyb
  3740 | D:5      | Killed Ijyb
  3741 | D:5      | Reached XP level 7. HP: 40/46 MP: 7/7
  3755 | D:5      | Reached * piety under Okawaru
  3758 | D:5      | Mangled by a gnoll

Illustrated notes

Levels and vault maps discovered:
D:1:      dpeg_arrival_simpleton_a, layout_loops_corners
D:2:      layout_basic, hellmonk_ecumenical_altar_run_dry
D:3:      gammafunk_steamed_eel, layout_basic, serial_shops,
          nicolae_lakefront_shop, kennysheep_nub, minmay_circle_x
D:4:      layout_gridville, amcnicky_altar_gilded,
          grunt_dithmenos_smoke_and_mirrors, minitemple,
          kennysheep_generic_room_9, uniq_crazy_yiuf_cottage, uniq_natasha
D:5:      layout_rooms, minmay_temple_entry_grid, gammafunk_ghost_split,
          uniq_blork_the_orc, uniq_ijyb, uniq_eustachio, uniq_menkaure

Skill      XL: |  1  2  3  4  5  6 |
---------------+-------------------+-----
Short Blades   | 3 4 5 6 7 |  7.8
Fighting       | |  3.0
Dodging        | |  3.0
Shields        | |  3.0

Action                   |  1- 3 |  4- 6 |  7- 9 || total
-------------------------+-------+-------+-------++-------
Melee: Rapier            |    23 |       |       ||    23
       Constrict         |    16 |    23 |     3 ||    42
       Tentacles         |     9 |    20 |     5 ||    34
       Short sword       |    27 |   102 |    14 ||   143
       Punch             |       |     1 |       ||     1
  Use: Potion            |       |     2 |       ||     2
 Stab: Sleeping          |     8 |     9 |       ||    17
       Distracted        |     1 |       |       ||     1
Armor: Skin              |     1 |       |       ||     1
Dodge: Dodged            |    18 |    34 |     6 ||    58
Block: Buckler           |    11 |    15 |     2 ||    28

Table legend: (Time is in decaauts)
 A = Elapsed time spent in this place.
 B = Non-inter-level travel time spent in this place.
 C = Inter-level travel time spent in this place.
 D = Time resting spent in this place.
 E = Time spent auto-exploring this place.
 F = Levels seen in this place.
 G = Mean time per level.
                   A        B        C        D        E       F      G
               +--------+--------+--------+--------+--------+-----+--------+
         Total |   3700 |   3555 |    145 |     97 |   3003 |   5 |  740.0 |
       Dungeon |   3700 |   3555 |    145 |     97 |   3003 |   5 |  740.0 |
               +--------+--------+--------+--------+--------+-----+--------+

Top non-repeatable levels by time:
     D:1: 1124 daAuts
     D:4: 897 daAuts
     D:2: 823 daAuts
     D:3: 759 daAuts
     D:5: 95 daAuts
